Map: [ESL] Royal Blood

Players

Cure

  • Race: Terran Terran

Harstem - Winner!

  • Race: Protoss Protoss
  • League: Master

Event: IEM Katowice 2023

VOD

Have the link to the VOD?

Description

Time

  • Played on: Feb. 8, 2023, 7:29 a.m.
  • Length: 23:22

All games in this series

Show
View Real Time Build Order
Export as new Build Order

Cure Terran 

Build Orders:  

Get SALT Encoding   

  12  0:00  SCV  
  13  0:12  SCV  
  14  0:16  Supply Depot  
  14  0:24  SCV  
  15  0:38  Barracks, SCV  
  16  0:44  Refinery  
  16  0:50  SCV  
  17  1:02  SCV  
  18  1:14  SCV  
  19  1:25  Marine  
  19  1:26  Orbital Command  
  20  1:48  Supply Depot  
  20  1:52  Command Center  
  20  1:55  SCV  
  20  1:57  Barracks Tech Lab  
  21  2:05  Barracks  
  21  2:07  SCV  
  22  2:15  Marauder, Concussive Shells  
  24  2:19  SCV  
  25  2:27  Barracks  
  25  2:31  SCV  
  28  2:37  Marauder  
  28  2:43  SCV  
  29  2:45  Supply Depot  
  29  2:55  SCV  
  29  2:59  Marine, Barracks Reactor  
  29  3:01  Stimpack  
  30  3:07  SCV  
  30  3:11  Orbital Command  
  31  3:16  Engineering Bay, Barracks Tech Lab  
  31  3:18  Marine  
  31  3:19  SCV  
  33  3:31  SCV  
  34  3:34  Refinery  
  34  3:35  Marine x2  
  34  3:36  Marine x2  
  34  3:38  SCV  
  39  3:42  Missile Turret  
  39  3:43  Combat Shield  
  39  3:45  SCV  
  40  3:50  SCV  
  40  3:53  Marine x3  
  40  3:54  Marine  
  45  3:57  Supply Depot  
  45  3:59  SCV  
  45  4:02  SCV  
  47  4:07  Missile Turret  
  47  4:11  SCV  
  47  4:13  Marine x3  
  47  4:14  Marine, SCV  
  53  4:17  Terran Infantry Weapons Level 1  
  53  4:21  Supply Depot  
  53  4:23  SCV  
  54  4:26  SCV  
  55  4:31  Supply Depot  
  55  4:32  Marine x4  
  55  4:36  SCV  
  55  4:38  SCV  
  61  4:41  Factory  
  61  4:47  Refinery  
  61  4:48  SCV  
  61  4:50  SCV  
  61  4:51  Marine x3  
  61  4:52  Marine  
  66  5:00  SCV  
  66  5:02  SCV, Supply Depot, Refinery  
  68  5:09  Marine x2  
  68  5:12  SCV  
  68  5:14  SCV  
  68  5:20  Marine x2  
  65  5:26  Marine x2  
  62  5:31  Factory Reactor, SCV x2  
  62  5:34  Supply Depot, Starport  
  63  5:38  Marine x2  
  62  5:44  Marine x2  
  62  5:47  Barracks x2  
  63  5:53  SCV x2  
  69  5:57  Marauder x2  
  69  6:02  Marine x2  
  70  6:05  SCV x2  
  72  6:12  Terran Infantry Armor Level 1  
  72  6:16  Medivac x2  
  76  6:18  Factory Reactor  
  76  6:19  Marauder x2  
  76  6:20  Marine x2  
  76  6:24  Supply Depot x2  
  82  6:31  Command Center  
  82  6:35  Barracks Tech Lab, Barracks Reactor  
  82  6:37  SCV x2  
  82  6:41  Marauder x2  
  82  6:45  Marine x2  
  88  6:49  Viking  
  88  6:51  Viking  
  92  6:58  Missile Turret  
  92  6:59  Marauder  
  92  7:00  Widow Mine x2  
  98  7:02  Marine x2  
  98  7:05  Marine x2  
  102  7:11  SCV x2  
  102  7:13  Supply Depot  
  104  7:19  Viking  
  104  7:21  Viking  
  108  7:23  SCV x2  
  108  7:27  Supply Depot  
  110  7:35  Marauder x3  
  116  7:40  Marine x2  
  116  7:43  Marine x2  
  120  7:45  Orbital Command  
  120  7:47  SCV x2  
  122  7:52  Medivac x2  
  126  8:03  Marine x4, Marauder x2  
  126  8:04  Marauder  
  135  8:08  Supply Depot  
  135  8:09  SCV  
  135  8:10  SCV  
  133  8:22  SCV  
  121  8:29  Marine x4  
  121  8:30  Marauder x3  
  129  8:34  Medivac x2  
  129  8:37  Widow Mine x2  
  129  8:39  SCV x3  
  140  8:41  Refinery x2  
  140  8:42  Ghost Academy  
  140  8:51  SCV  
  140  8:52  SCV x2  
  139  9:00  Marine x2  
  139  9:01  Marine x2, Marauder x3  
  135  9:04  Widow Mine x2  
  135  9:06  Medivac x2  
  135  9:09  Armory  
  143  9:11  Engineering Bay  
  143  9:22  Marauder  
  145  9:25  SCV x3  
  146  9:35  Command Center  
  146  9:39  Medivac  
  146  9:43  Supply Depot  
  146  9:44  Supply Depot x2  
  148  9:48  Marine  
  149  9:57  Terran Infantry Weapons Level 2, Terran Infantry Armor Level 2  
  149  9:58  Ghost  
  149  9:59  Supply Depot  
  149  10:04  Ghost x2  
  149  10:05  Marine x3  
  155  10:08  Widow Mine  
  155  10:09  Widow Mine  
  155  10:12  Viking  
  155  10:13  Viking  
  157  10:18  SCV x3  
  157  10:19  Barracks  
  157  10:20  Barracks  
  157  10:21  Barracks  
  160  10:30  Ghost  
  160  10:33  Ghost x2  
  166  10:36  Marine x4, Missile Turret  
  166  10:37  Widow Mine x2  
  166  10:41  SCV  
  166  10:42  SCV x2  
  177  10:48  Viking x2  
  181  10:50  Planetary Fortress  
  181  11:04  Ghost x2  
  181  11:06  Marauder  
  181  11:07  Barracks Tech Lab, Widow Mine x2  
  181  11:08  Marine x2, Barracks Tech Lab  
  181  11:09  Barracks Reactor  
  182  11:37  Ghost, Command Center  
  182  11:38  Viking x2  
  182  11:39  Missile Turret  
  182  11:40  Terran Ship Weapons Level 1  
  182  11:50  Starport, Fusion Core  
  176  12:06  Ghost x2  
  180  12:10  Refinery x2  
  180  12:11  Command Center  
  180  12:12  Command Center  
  180  12:15  Command Center  
  180  12:18  Missile Turret  
  180  12:25  Terran Infantry Weapons Level 3  
  180  12:30  SCV x2, Missile Turret  
  180  12:31  SCV x2, Missile Turret  
  180  12:32  Terran Infantry Armor Level 3  
  180  12:33  Missile Turret  
  184  12:37  Refinery  
  182  12:50  Viking x4  
  188  12:58  Refinery  
  188  12:59  Orbital Command  
  188  13:04  Starport  
  188  13:15  Factory Reactor  
  187  13:20  Viking x3  
  187  13:21  Missile Turret  
  187  13:23  Personal Cloaking  
  187  13:25  Starport  
  187  13:27  Viking  
  195  13:29  Barracks Reactor, Missile Turret  
  195  13:32  Orbital Command  
  195  13:37  Orbital Command  
  195  13:38  Orbital Command  
  192  13:43  Ghost x2  
  186  13:55  Missile Turret  
  186  13:59  Viking  
  186  14:00  Missile Turret  
  186  14:01  Sensor Tower, Missile Turret  
  188  14:04  Sensor Tower  
  188  14:10  Viking x3  
  188  14:11  Viking  
  188  14:12  Advanced Ballistics  
  196  14:31  Viking x4  
  177  14:46  Viking x4  
  177  14:47  Ghost x2  
  177  14:49  Nuke  
  182  15:01  Viking, Liberator x2  
  182  15:06  Viking  
  176  15:16  Viking x4  
  174  15:31  Viking  
  164  15:35  Liberator  
  164  15:42  Ghost  
  169  15:43  Liberator  
  169  15:44  Marine x2, Ghost x2, Liberator  
  169  15:45  Marine, Marauder  
  169  15:46  Viking x4  
  192  16:02  Orbital Command  
  192  16:03  Liberator  
  195  16:10  Refinery x2  
  195  16:15  Liberator  
  195  16:16  Viking  
  195  16:17  Sensor Tower  
  195  16:18  Missile Turret  
  200  16:19  Missile Turret  
  200  16:21  Viking  
  200  16:29  Terran Ship Weapons Level 2  
  200  16:32  Missile Turret x2  
  197  16:33  Command Center  
  197  16:34  Missile Turret  
  197  16:47  Viking x2  
  199  17:00  Neosteel Armor, Hi-Sec Auto Tracking, Missile Turret x2  
  193  17:01  Missile Turret  
  179  17:23  Viking x8  
  173  17:30  Ghost x2  
  174  17:47  Missile Turret  
  174  17:51  Marine x2, Ghost x2  
  174  17:52  Marine x2  
  174  17:53  Viking x5  
  174  17:56  Orbital Command  
  192  18:00  Sensor Tower, Viking  
  191  18:05  Viking, Missile Turret  
  191  18:08  Viking, Missile Turret  
  162  18:23  Viking x5  
  162  18:24  Ghost  
  170  18:30  Rapid Reignition System  
  170  18:31  Nuke  
  170  18:39  Liberator x2  
  170  18:40  Viking  
  176  18:48  SCV x2  
  176  18:49  SCV x2  
  176  18:53  Viking x2  
  182  18:55  Liberator  
  182  18:56  Liberator x2  
  191  19:09  Liberator  
  190  19:22  Liberator x2  
  155  19:40  Viking x3  
  155  19:45  Ghost x4  
  157  19:46  Marine x2  
  152  20:05  Viking x2  
  143  20:11  Marine x4  
  143  20:12  Marine  
  143  20:14  Marine x2  
  124  20:26  Viking x2  
  124  20:36  Nuke  
  122  20:47  Viking  
  112  20:57  Ghost  
  110  21:05  Missile Turret  
  110  21:08  Starport, Missile Turret  
  110  21:10  Missile Turret, Starport  
  97  21:41  Factory  
  97  21:43  Barracks  
  97  21:44  Barracks  
  97  21:47  Viking  
  101  21:50  Barracks Tech Lab x2  
  101  21:52  Barracks Tech Lab  
  83  21:59  Marine x2  
  74  22:08  Ghost  
  74  22:09  Ghost  
  74  22:10  Marine  
  74  22:15  Ghost  
  79  22:17  Marine  
  76  22:24  Marine  
  76  22:28  Marine  
  67  22:35  Marine  
  63  22:37  Marine x2  
  63  22:42  Marine, Missile Turret  
  63  22:43  Ghost, Missile Turret  
  68  22:44  Starport  
  68  22:45  Ghost  
  67  22:53  Marine  
  67  22:55  Marine x2  
  62  23:00  Marine  
Show
View Real Time Build Order
Export as new Build Order

Harstem Protoss - Winner!

Build Orders: 1 Gate Expand, Oracle Opening, Carriers, Colossus Rush 

Get SALT Encoding   

  12  0:00  Probe  
  13  0:12  Probe  
  14  0:18  Pylon  
  14  0:24  Probe (Chrono Boost)  
  15  0:36  Probe (Chrono Boost)  
  15  0:37  Gateway  
  16  0:45  Probe (Chrono Boost)  
  16  0:47  Assimilator  
  17  0:51  Probe  
  18  1:03  Probe  
  19  1:15  Probe  
  20  1:24  Cybernetics Core  
  20  1:33  Nexus  
  20  1:40  Pylon  
  20  1:43  Probe  
  21  1:50  Assimilator  
  20  1:55  Probe  
  20  1:57  Adept (Chrono Boost)  
  23  2:07  Probe  
  24  2:17  Adept (Chrono Boost)  
  24  2:19  Probe  
  27  2:29  Stargate  
  27  2:31  Probe  
  28  2:39  Warp Gate  
  28  2:42  Adept  
  28  2:44  Probe  
  31  2:48  Probe  
  32  2:56  Probe  
  33  3:00  Probe  
  33  3:01  Shield Battery  
  34  3:08  Probe  
  34  3:10  Oracle (Chrono Boost)  
  34  3:12  Probe  
  39  3:20  Probe (Chrono Boost)  
  39  3:23  Pylon  
  39  3:24  Probe (Chrono Boost)  
  41  3:31  Assimilator  
  42  3:36  Assimilator, Probe (Chrono Boost)  
  42  3:38  Probe (Chrono Boost)  
  42  3:41  Oracle  
  46  3:42  Probe (Chrono Boost)  
  46  3:45  Probe (Chrono Boost)  
  46  3:46  Pylon  
  48  3:51  Probe (Chrono Boost)  
  49  3:57  Robotics Facility  
  49  4:01  Probe (Chrono Boost)  
  51  4:03  Probe (Chrono Boost)  
  51  4:09  Probe (Chrono Boost)  
  53  4:10  Probe (Chrono Boost)  
  53  4:16  Gateway  
  53  4:17  Probe  
  53  4:18  Pylon  
  53  4:20  Probe  
  55  4:29  Zealot, Probe  
  58  4:32  Probe  
  59  4:41  Probe  
  59  4:42  Pylon  
  59  4:43  Immortal (Chrono Boost)  
  59  4:45  Probe  
  61  4:47  Robotics Bay  
  61  4:50  Sentry  
  61  4:51  Pylon  
  67  4:53  Probe  
  67  4:57  Probe  
  67  4:59  Pylon  
  68  5:11  Adept  
  68  5:14  Probe  
  65  5:16  Adept  
  65  5:18  Probe  
  59  5:26  Probe  
  53  5:31  Colossus (Chrono Boost), Probe  
  60  5:38  Probe  
  60  5:39  Sentry, Adept  
  65  5:43  Probe  
  62  5:50  Probe  
  62  5:55  Probe  
  61  6:02  Probe  
  62  6:05  Sentry  
  62  6:06  Zealot  
  62  6:07  Probe  
  62  6:09  Forge  
  62  6:11  Colossus (Chrono Boost)  
  67  6:14  Probe  
  67  6:18  Extended Thermal Lance  
  74  6:29  Probe  
  75  6:33  Zealot x2  
  75  6:35  Probe  
  75  6:36  Pylon  
  80  6:45  Nexus  
  80  6:47  Probe  
  80  6:50  Protoss Ground Weapons Level 1  
  80  6:51  Probe  
  82  6:55  Phoenix  
  82  6:59  Probe  
  85  7:04  Colossus (Chrono Boost), Probe  
  92  7:11  Probe  
  92  7:13  Shield Battery  
  93  7:20  Probe  
  94  7:24  Probe  
  94  7:26  Sentry  
  94  7:27  Pylon  
  97  7:32  Probe  
  97  7:33  Phoenix (Chrono Boost)  
  97  7:37  Probe  
  101  7:39  Pylon  
  101  7:42  Stargate  
  101  7:44  Assimilator  
  101  7:48  Assimilator, Probe  
  101  7:51  Probe  
  103  7:53  Disruptor  
  103  7:56  Protoss Air Weapons Level 1  
  107  7:58  Probe  
  107  7:59  Phoenix (Chrono Boost)  
  107  8:02  Stalker  
  107  8:05  Zealot  
  113  8:13  Probe  
  113  8:16  Probe  
  113  8:19  Probe, Phoenix  
  107  8:31  Probe  
  107  8:33  Stalker x2  
  108  8:36  Phoenix  
  108  8:40  Probe  
  108  8:41  Probe  
  112  8:43  Probe  
  112  8:44  Shield Battery  
  112  8:46  Pylon  
  112  8:47  Phoenix  
  113  8:58  Disruptor (Chrono Boost)  
  116  9:03  Phoenix  
  116  9:05  Probe x2  
  116  9:07  Photon Cannon x2  
  120  9:15  Pylon  
  120  9:16  Probe  
  121  9:18  Phoenix  
  121  9:22  Fleet Beacon  
  123  9:29  Probe  
  123  9:31  Phoenix  
  124  9:38  Probe  
  124  9:43  Phoenix  
  127  9:49  Nexus  
  127  9:50  Disruptor (Chrono Boost)  
  127  9:51  Pylon  
  127  9:52  Shield Battery  
  127  9:54  Probe  
  127  9:55  Photon Cannon  
  127  9:56  Phoenix  
  133  10:09  Zealot  
  133  10:12  Photon Cannon  
  133  10:13  Photon Cannon  
  135  10:16  Pylon  
  135  10:19  Nexus  
  141  10:21  Pylon  
  141  10:22  Carrier (Chrono Boost)  
  141  10:27  Protoss Air Weapons Level 2 (Chrono Boost)  
  141  10:28  Shield Battery, Disruptor  
  141  10:30  Pylon  
  141  10:32  Pylon  
  141  10:34  Probe  
  143  10:49  Shield Battery, Carrier (Chrono Boost)  
  144  10:51  Photon Cannon  
  144  10:53  Photon Cannon  
  144  10:56  Stargate, Probe  
  150  11:00  Anion Pulse-Crystals  
  150  11:05  Assimilator  
  150  11:10  Pylon  
  150  11:12  Probe  
  150  11:17  Probe  
  150  11:18  Photon Cannon  
  150  11:23  Assimilator  
  156  11:27  Carrier (Chrono Boost)  
  154  11:37  Probe  
  154  11:38  Zealot x2  
  159  11:42  Photon Cannon  
  159  11:44  Photon Cannon  
  159  11:47  Pylon  
  165  12:01  Carrier (Chrono Boost)  
  165  12:02  Carrier (Chrono Boost)  
  171  12:09  Photon Cannon  
  171  12:12  Photon Cannon  
  171  12:17  Photon Cannon  
  171  12:19  Photon Cannon  
  171  12:20  Pylon  
  175  12:27  Photon Cannon  
  175  12:29  Carrier (Chrono Boost)  
  175  12:33  Observer (Chrono Boost)  
  174  12:41  Zealot  
  172  13:00  Observer  
  172  13:01  Mothership (Chrono Boost)  
  172  13:03  Zealot x2, Carrier (Chrono Boost)  
  175  13:10  Carrier (Chrono Boost)  
  193  13:14  Protoss Air Weapons Level 3 (Chrono Boost)  
  193  13:21  Protoss Ground Armor Level 1 (Chrono Boost)  
  193  13:23  Pylon  
  191  13:40  Carrier  
  200  13:58  Disruptor (Chrono Boost)  
  196  14:13  Photon Cannon  
  196  14:15  Photon Cannon  
  196  14:16  Photon Cannon  
  196  14:18  Photon Cannon  
  196  14:22  Disruptor (Chrono Boost)  
  199  14:24  Photon Cannon  
  199  14:26  Observer  
  199  14:27  Pylon  
  179  14:35  Carrier  
  179  14:38  Stargate, Nexus  
  180  14:41  Pylon  
  180  14:45  Assimilator  
  171  14:49  Assimilator  
  171  14:53  Observer  
  171  14:54  Carrier x2 (Chrono Boost)  
  169  15:15  Stargate  
  169  15:16  Probe x2  
  162  15:32  Phoenix (Chrono Boost)  
  152  15:37  Carrier (Chrono Boost)  
  156  15:46  Protoss Air Armor Level 1 (Chrono Boost)  
  156  15:51  Disruptor (Chrono Boost)  
  156  15:52  Photon Cannon  
  156  15:54  Phoenix (Chrono Boost)  
  156  15:55  Phoenix x2 (Chrono Boost)  
  165  15:58  Shield Battery  
  165  16:00  Observer  
  165  16:01  Phoenix (Chrono Boost)  
  167  16:10  Sentry  
  169  16:18  Phoenix x2  
  173  16:25  Phoenix  
  173  16:26  Phoenix  
  177  16:42  Carrier  
  177  16:45  Photon Cannon  
  178  17:05  Photon Cannon, Phoenix  
  178  17:07  Photon Cannon  
  180  17:10  Phoenix  
  175  17:22  Phoenix x2  
  165  17:31  Phoenix (Chrono Boost)  
  165  17:35  Phoenix (Chrono Boost)  
  169  17:45  Assimilator  
  169  17:46  Phoenix x2 (Chrono Boost)  
  175  17:52  Phoenix (Chrono Boost)  
  175  17:53  Phoenix (Chrono Boost)  
  175  17:56  Phoenix (Chrono Boost)  
  179  18:04  Carrier (Chrono Boost)  
  174  18:10  Observer  
  162  18:22  Carrier (Chrono Boost)  
  165  18:52  Carrier  
  156  18:57  Phoenix x2  
  156  19:01  Carrier  
  166  19:12  Disruptor (Chrono Boost)  
  164  19:19  Phoenix  
  154  19:40  Phoenix x2  
  154  19:44  Phoenix  
  157  19:55  Zealot x2  
  157  19:57  Phoenix  
  133  20:23  Phoenix x2  
  133  20:24  Phoenix  
  135  20:31  Disruptor (Chrono Boost)  
  124  21:37  Carrier x2  
  124  21:38  Observer  
  137  21:59  Disruptor (Chrono Boost)  
  140  22:32  Observer (Chrono Boost)  
  141  22:46  Observer  

Tags
 
Add a new tag
Caveats
  • Supply blocks, unpowered buildings, or Contaminate may cause inaccurate times.
  • Supply counts are checked every 10 seconds.